 Dungeon Crawl Stone Soup version 0.16.1-30-g34a7ffa (webtiles) character file.

38 joy the Sneak (level 3, 3/16 HPs)
             Began as a Spriggan Enchanter on June 21, 2015.
             Quit the game on level 2 of the Dungeon.
             The game lasted 00:01:53 (1082 turns).

joy the Sneak (Spriggan Enchanter)                  Turns: 1082, Time: 00:01:54

Health: 3/16       AC:  3    Str:  9    XL:     3   Next: 25%
Magic:  9/9        EV: 18    Int: 17    God:
Gold:   55         SH:  0    Dex: 16    Spells: 3 memorised, 1 level left

rFire  . . .     SeeInvis +     g - +0 short sword (curse)
rCold  . . .     Clarity  .     b - +1 robe
rNeg   . . .     SustAb   .     (shield restricted)
rPois  .         Gourm    .     (helmet restricted)
rElec  .         Spirit   .     (no cloak)
rCorr  .         Warding  .     (gloves unavailable)
rMut   .         Stasis   .     (boots unavailable)
MR     .....                    (no amulet)
Stlth  ++++......               (no ring)
                                (no ring)

@: mighty, lethally poisoned (3 -> -3), flying, very quick, not resistant to
hostile enchantments, stealthy
A: unfitting armour, see invisible, deterioration 1, herbivore 3, speed 3,
screaming 1, slow metabolism 2
a: no special abilities


You were on level 2 of the Dungeon.
You were not hungry.

You visited 1 branch of the dungeon, and saw 2 of its levels.

You collected 55 gold pieces.

Inventory:

Hand weapons
 a - a +1 dagger
 g - a cursed +0 short sword (weapon)
 n - a +1 dagger of venom
Armour
 b - a +1 robe (worn)
Scrolls
 e - a scroll of fear {unknown}
 j - a scroll of identify {unknown}
 k - a scroll of remove curse {unknown}
 l - a scroll of noise {unknown}
 m - a scroll of immolation {unknown}
Books
 c - a book of Maledictions

   Spells                             Type                      Level
   a - Corona                         Hexes                        1
   b - Sure Blade                     Hexes/Charms                 2
   c - Ensorcelled Hibernation        Hexes/Ice                    2
   d - Confuse                        Hexes                        3
   e - Dazzling Spray                 Conjuration/Hexes            3
   f - Enslavement                    Hexes                        4
Comestibles
 d - 2 bread rations


   Skills:
 + Level 2.3 Short Blades
 - Level 3.0 Dodging
 + Level 5.9 Stealth
 - Level 2.6 Spellcasting
 - Level 3.6 Hexes


You had one spell level left.
You knew the following spells:

 Your Spells              Type           Power        Failure   Level  Hunger
a - Corona                Hex            ##.....      4%          1    #......
b - Ensorcelled Hibernat  Hex/Ice        #.....       17%         2    ##.....
c - Confuse               Hex            ##......     14%         3    ###....


Dungeon Overview and Level Annotations

Branches:
Dungeon (2/15)

Altars:


Innate Abilities, Weirdness & Mutations

You are tiny and cannot use many weapons and most armour.
You have supernaturally acute eyesight.
You are a herbivore.
You cover ground extremely quickly.
You need consume almost no food.
Your body is slowly deteriorating.
You occasionally shout uncontrollably at your foes.


Message History

You feel sick.
You feel sick.
You feel sick.
* * * LOW HITPOINT WARNING * * *
You feel sick.
There is an open door here.
Drink which item? (? for menu, Esc to quit)
It was a potion of flight.
You feel very buoyant.
You fly up into the air.
Drink which item? (? for menu, Esc to quit)
It was a potion of might.
You feel very mighty all of a sudden.
* * * LOW HITPOINT WARNING * * *
You feel sick.
Drink which item? (? for menu, Esc to quit)
It was a potion of mutation.
You feel extremely strange.
You feel yourself wasting away.
You feel the urge to shout. The bat barely misses you.
Are you sure you want to abandon this character and quit the game? (Confirm with "yes".)

####...########....###.##...#
..(................#...#### #
.###...########...........## .#
#.###....................r.# .#
#.# #..................###.# (#
#.# #........####.#...... .# #.#
#........# #.#...#### .#
#.###........####.#...########
.###............@.b.....†........
.##.............####........#####
.##....#........## #####....#
.##....+...[.....#### .$#..#
.##....#.#######....# .#......
.###...#.# #....##b.<...##. .#
#...#.. ##....## .##... .#
#...##### #.....# .. ...# .#
#...<...# ##.....# . .


You could see a bat.

Vanquished Creatures
  A gnoll (D:1)
  A worm (D:2)
  5 goblins
  5 hobgoblins
  2 kobolds (D:1)
  2 giant cockroaches (D:1)
  A giant gecko (D:1)
  3 giant newts (D:1)
  A quokka (D:2)
  2 rats
23 creatures vanquished.

Notes
Turn   | Place    | Note
--------------------------------------------------------------
     0 | D:1      | joy, the Spriggan Enchanter, began the quest for the Orb.
     0 | D:1      | Reached XP level 1. HP: 9/9 MP: 4/4
   172 | D:1      | Reached skill level 5 in Stealth
   172 | D:1      | Reached XP level 2. HP: 2/13 MP: 7/7
   879 | D:2      | Reached XP level 3. HP: 16/16 MP: 9/9
   900 | D:2      | Learned a level 2 spell: Ensorcelled Hibernation
   904 | D:2      | Learned a level 3 spell: Confuse
  1081 | D:2      | Gained mutation: Your body is slowly deteriorating. [potion of mutation]
  1081 | D:2      | Gained mutation: You occasionally shout uncontrollably at your foes. [potion of mutation]
  1082 | D:2      | Quit the game

Action                   || total
-------------------------++-------
Melee: Dagger            ||    21
       Short sword       ||    37
 Cast: Ensorcelled Hiber ||     2
  Use: Potion            ||     4
 Stab: Sleeping          ||     7
